 Dungeon Crawl Stone Soup version 0.30-a0-737-gf23d94013f (webtiles) character file.

Game seed: 9643528795747571869

262 ragingrage the Scratcher (level 5, -3/22 HPs)
             Began as a Felid Transmuter on Feb 1, 2023.
             Slain by a gnoll
             ... wielding a +0 whip
             ... led by a gnoll sergeant
              (8 damage)
             ... on level 5 of the Dungeon on Feb 2, 2023.
             The game lasted 00:05:31 (3262 turns).

ragingrage the Scratcher (Felid Transmuter)         Turns: 3262, Time: 00:05:31

Health: -3/22      AC:  1    Str:  6    XL:     5   Next: 97%
Magic:  9/9        EV: 17    Int: 17    God:
Gold:   113        SH:  0    Dex: 16    Spells: 1/8 levels left
                                        Lives:  0   Deaths: 1

rFire   . . .      SeeInvis +      - Unarmed
rCold   + . .      Faith    .    (shield unavailable)
rNeg    . . .      Spirit   .    (body armour unavailable)
rPois   .          Reflect  .    (helmet unavailable)
rElec   .          Harm     .    (cloak unavailable)
rCorr   .          Rampage  .    (gloves unavailable)
Will    .....                    (boots unavailable)
Stlth   +++                      (no amulet)
HPRegen 0.23/turn                e - ring of protection from cold
MPRegen 0.11/turn                p - ring of wizardry

@: quick
A: very small, claws 1, fangs 3, see invisible, speed 1, shaggy fur 1, stealthy
paws, no weapons or thrown items, no armour, multi-lived
a: no special abilities


You were on level 5 of the Dungeon.
You visited 1 branch of the dungeon, and saw 5 of its levels.

You collected 183 gold pieces.
You spent 70 gold pieces at shops.

Inventory:

Jewellery
 e - a ring of protection from cold (left paw)
 i - a ring of positive energy
 p - a ring of wizardry (right paw)
 s - a ring of magical power
Wands
 q - a wand of flame (11)
Scrolls
 a - a scroll of teleportation
 k - a scroll of immolation {unknown}
 l - a scroll of poison {unknown}
 m - 4 scrolls of identify {unknown}
 n - 2 scrolls of magic mapping {unknown}
 o - a scroll of enchant armour {unknown}
 r - a scroll of summoning {unknown}
Potions
 c - a potion of ambrosia {unknown}
 d - a potion of curing {unknown}
 f - a potion of flight {unknown}
 g - a potion of invisibility {unknown}
 h - 2 potions of heal wounds
 t - a potion of cancellation {unknown}


   Skills:
 - Level 1.0 Fighting
 - Level 2.6 Dodging
 - Level 4.0 Stealth
 * Level 5.2 Unarmed Combat
 - Level 2.0 Spellcasting
 + Level 3.9 Transmutations
 + Level 1.6 Ice Magic


You had one spell level left.
You knew the following spells:

 Your Spells              Type           Power      Damage    Failure   Level
a - Beastly Appendage     Tmut           28%        N/A       1%          1
b - Wereblood             Tmut           14%        N/A       2%          2
c - Ice Form              Ice/Tmut       11%        N/A       24%         4

Your spell library contained the following spells:

 Spells                   Type           Power      Damage    Failure   Level
 Kiss of Death            Conj/Necr      4%         2d5       8%          1
 Shock                    Conj/Air       4%         1d3       8%          1
 Spider Form              Tmut/Pois      8%         N/A       11%         3
 Cigotuvi's Dreadful Rot  Necr/Pois/Air  2%         N/A       12%         2
 Poisonous Vapours        Pois/Air       2%         N/A       12%         2
 Sublimation of Blood     Necr           1%         N/A       12%         2
 Confusing Touch          Hex            1%         N/A       22%         3
 Mephitic Cloud           Conj/Pois/Air  1%         N/A       22%         3
 Stone Arrow              Conj/Erth      2%         3d7       22%         3
 Swiftness                Air            1%         N/A       22%         3
 Vhi's Electric Charge    Tloc/Air       2%         N/A       22%         3
 Airstrike                Air            0%         2d(1-17)  56%         4
 Dispel Undead            Necr           1%         3d6       56%         4
 Arcjolt                  Conj/Air       0%         1d10      88%         5
 Summon Hydra             Summ           0%         N/A       100%        7
 Lehudib's Crystal Spear  Conj/Erth      0%         10d2      100%        8
 Maxwell's Capacitive Co  Air            0%         ∞         100%        8
 Animate Armour           Summ/Erth      Unusable   N/A       N/A         4

Dungeon Overview and Level Annotations

Branches:
Dungeon (5/15)
 Temple: D:4-7

Altars:
Okawaru

Shops:
D:2 [!


Innate Abilities, Weirdness & Mutations

You have sharp claws.
You have razor-sharp teeth.
You have supernaturally acute eyesight. (SInv)
You cover ground quickly. (Speed+)
You are covered in fur. (AC +1)
Your paws help you pounce on unaware monsters.
You are incapable of wielding weapons or throwing items.
You cannot wear armour.
You gain extra lives every three experience levels.


Message History

You headbutt the hound, but do no damage.
The hound is lightly wounded.
The hound closely misses you.
You claw the hound! You headbutt the hound.
The hound is almost dead.
The hound barely misses you.
You miss the hound.
The hound is almost dead.
The hound closely misses you. x2
You closely miss the hound. You bite the hound, but do no damage.
The hound is almost dead.
The hound bites you but does no damage.
You scratch the hound.
You kill the hound!
Training target 4.0 for Stealth reached!
Your Stealth skill increases to level 4!
You see here a hound corpse.
Your transformation is almost over.
There is a stone staircase leading up here.
You climb upwards.
Your horns disappear.
There is a stone staircase leading down here.
There is a stone staircase leading down here.
You climb downwards.
There is a stone staircase leading up here.
Unknown command.
HP restored.
A scorpion is nearby!
There is a stone staircase leading down here.
You climb downwards.
The gnoll shouts!
You hear an angry hiss.
The gnoll closely misses you. The gnoll barely misses you.
The gnoll hits you with a +0 whip. The gnoll barely misses you.
There is a stone staircase leading up here.
The gnoll shouts!
The gnoll closely misses you. The gnoll hits you with a +0 whip.
The gnoll hits you with a +0 flail!
* * * LOW HITPOINT WARNING * * *
The gnoll hits you with a +0 whip!
You die...

.## ....
.....####
......g.#######
......g@gS.....
#.......g.?....
....gg.....#...
.....!.g...# .
.>.........#
............
...........#.
#..........#..


You could see a gnoll sergeant, 6 gnolls and an adder.

Vanquished Creatures
  A scorpion (D:4)
  A jelly (D:4)
  An orc priest (D:4)
  A hound (D:4)
  6 gnolls
  3 adders
  2 worms (D:2)
  3 dart slugs
  5 orcs
  4 bats
  8 endoplasms
  7 goblins
  4 hobgoblins
  4 jackals (D:4)
  5 quokkas
  7 ball pythons
  4 frilled lizards
  6 kobolds
  3 rats
75 creatures vanquished.

Notes
Turn   | Place    | Note
-------+----------+-------------------------------------------
     0 | D:1      | ragingrage the Felid Transmuter began the quest for the
                  | Orb.
     0 | D:1      | Reached XP level 1. HP: 9/9 MP: 4/4
   241 | D:1      | Reached skill level 1 in Stealth
   246 | D:1      | Reached XP level 2. HP: 9/12 MP: 6/6
   307 | D:1      | Learned a level 2 spell: Wereblood
   817 | D:2      | Found Mulocung's Distillery.
   821 | D:2      | Bought a potion of heal wounds for 70 gold pieces
   858 | D:2      | Reached XP level 3. HP: 15/15 MP: 3/7
  1200 | D:2      | Found Fejiviofo's Armour Emporium.
  1314 | D:2      | Reached skill level 4 in Unarmed Combat
  1318 | D:2      | Reached XP level 4. HP: 15/19 MP: 4/8
  1469 | D:2      | Learned a level 4 spell: Ice Form
  2261 | D:4      | Noticed a scorpion
  2270 | D:4      | Slain by a jackal
  2271 | D:4      | Reached XP level 3. HP: 0/15 MP: 4/7
  2271 | D:4      | Found an iron altar of Okawaru.
  2271 | D:4      | Noticed a scorpion
  2370 | D:4      | Reached XP level 4. HP: 19/19 MP: 8/8
  2570 | D:4      | Reached skill level 1 in Ice Magic
  2773 | D:4      | Reached XP level 5. HP: 6/22 MP: 7/9
  2892 | D:4      | Reached skill level 5 in Unarmed Combat
  3174 | D:5      | Entered Level 5 of the Dungeon
  3262 | D:5      | Slain by a gnoll

Illustrated notes

Levels and vault maps discovered:
D:1:      co_arrival_square_in_a_square_in_a_square, layout_basic
D:2:      layout_loops_ring, serial_shops, shop, shop
D:3:      layout_rooms
D:4:      layout_basic, general_overflow_altar, uniq_natasha
D:5:      layout_rooms, minmay_temple_entry_statues_fountains, kennysheep_nub,
          uniq_blork_the_orc, uniq_eustachio

Skill      XL: |  1  2  3  4  5 |
---------------+----------------+-----
Stealth        | 1 2 3 4 |  4.0
Unarmed Combat | 4 5 |  5.2
Transmutations | 3 |  3.9
Ice Magic      | 1 |  1.6
Fighting       | |  1.0
Dodging        | |  2.6
Spellcasting   | |  2.0

Action                     |  1- 3 |  4- 6 || total
---------------------------+-------+-------++-------
  Melee: Unarmed           |    76 |   122 ||   198
         Headbutt          |     7 |    20 ||    27
         Bite              |     8 |    13 ||    21
         Punch             |     3 |     5 ||     8
   Cast: Beastly Appendage |    19 |    23 ||    42
         Wereblood         |    13 |    17 ||    30
  Evoke: Wand              |     1 |     2 ||     3
    Use: Scroll            |     2 |       ||     2
         Potion            |       |     1 ||     1
   Stab: Sleeping          |     4 |     2 ||     6
         Distracted        |       |     1 ||     1
 Armour: Skin              |     1 |    10 ||    11
  Dodge: Dodged            |    48 |    95 ||   143

Table legend: (Time is in decaauts)
 A = Elapsed time spent in this place.
 B = Non-inter-level travel time spent in this place.
 C = Inter-level travel time spent in this place.
 D = Time resting spent in this place.
 E = Time spent auto-exploring this place.
 F = Levels seen in this place.
 G = Mean time per level.
                   A        B        C        D        E       F      G
               +--------+--------+--------+--------+--------+-----+--------+
         Total |   2845 |   2751 |     94 |    262 |   1689 |   5 |  569.0 |
       Dungeon |   2845 |   2751 |     94 |    262 |   1689 |   5 |  569.0 |
               +--------+--------+--------+--------+--------+-----+--------+

Top non-repeatable levels by time:
     D:2: 888 daAuts
     D:4: 853 daAuts
     D:1: 647 daAuts
     D:3: 451 daAuts
     D:5: 5 daAuts
